 Dungeon Crawl Stone Soup version 0.23.2-40-g277498a001 (webtiles) character file.

Game seed: 8775615657864450143

441 BinkBink the Ducker (level 6, 0/47 HPs)
             Began as a Demonspawn Gladiator on Aug 19, 2019.
             Was a Follower of Sif Muna.
             Slain by an orc (4 damage)
             ... on level 4 of the Dungeon.
             The game lasted 00:07:04 (3650 turns).

BinkBink the Ducker (Demonspawn Gladiator)          Turns: 3650, Time: 00:07:04

Health: 0/47       AC:  4    Str: 15    XL:     6   Next: 70%
Magic:  6/6        EV:  9    Int:  9    God:    Sif Muna [*.....]
Gold:   175        SH: 13    Dex: 16    Spells: 5/5 levels left

rFire    . . .     SeeInvis .   i - +4 dagger (flame)
rCold    . . .     Gourm    .   m - +1 large shield
rNeg     . . .     Faith    .   b - +0 leather armour
rPois    .         Spirit   .   c - +0 helmet
rElec    .         Reflect  .   (no cloak)
rCorr    .         Harm     .   (no gloves)
MR       .....                  (no boots)
Stlth    ++........             r - amulet of inaccuracy (curse)
HPRegen  0.15/turn              (no ring)
MPRegen  0.10/turn              (no ring)

@: no status effects
A: hooves 2
a: Divine Energy, Renounce Religion


You were on level 4 of the Dungeon.
You worshipped Sif Muna.
Sif Muna was aware of your devotion.
You were not hungry.

You visited 1 branch of the dungeon, and saw 4 of its levels.

You collected 175 gold pieces.

Inventory:

Hand Weapons
 a - a +0 trident
 i - a +4 dagger of flaming (weapon)
 w - a cursed -1 hand axe
Missiles
 d - 3 throwing nets (quivered)
Armour
 b - a +0 leather armour (worn)
 c - a +0 helmet (worn)
 m - a +1 large shield (worn)
Jewellery
 r - a cursed amulet of inaccuracy (around neck)
Scrolls
 e - 2 scrolls of enchant weapon {unknown}
 y - a scroll of random uselessness
Potions
 h - 2 potions of mutation
 k - 2 potions of resistance
 l - a potion of lignification {unknown}
 n - 2 potions of curing
 p - 4 potions of brilliance
 q - a potion of agility
Comestibles
 f - 6 rations


   Skills:
 + Level 3.0 Fighting
 + Level 2.4 Short Blades
 + Level 3.4 Polearms
 + Level 2.0 Throwing
 + Level 2.1 Armour
 + Level 3.6 Dodging
 + Level 2.1 Stealth
 + Level 2.0 Shields


You had 5 spell levels left.
You didn't know any spells.
Your spell library was empty.

Dungeon Overview and Level Annotations

Branches:
Dungeon (4/15)
 Temple: D:4-7

Altars:
Sif Muna


Innate Abilities, Weirdness & Mutations

You have hoof-like feet.


Message History

The worker ant is moderately wounded.
The worker ant bites you. The worker ant bites you.
* * * LOW HITPOINT WARNING * * *
You closely miss the worker ant.
The worker ant is moderately wounded.
The worker ant bites you.
* * * LOW HITPOINT WARNING * * *
You hit the orc but do no damage. Your kick misses the orc.
You block the orc's attack.
The worker ant bites you but does no damage.
You hit the orc but do no damage. You kick the orc.
The orc is lightly wounded.
The orc hits you.
* * * LOW HITPOINT WARNING * * *
The worker ant barely misses you.
You closely miss the orc.
The orc is lightly wounded.
The orc hits you.
You die...

..†...# #.# #.# #####.#####
#.# #.# #.........# #.# ##
#.# #.........#######.# ..
#.# #.................# .#
#.# ######..†.#......)# .#
#.# #.............# .#
.###.###
#.##.........o###.#...#......
#.##...#....@a..[.....#.#.###
#.##...#.##.#####.#...#.#.#
#......#.##.# ... .#.#.#
#####.## #. #....#.#.#
####### #.# #. .a..#.#.###
......# #.# #. ....#.#....
#####.###.# #. ####.#####
#.....# #. #.# ###########
#.#


You could see a worker ant and an orc.

Vanquished Creatures
  2 ogres
  2 orc priests (D:4)
  2 worker ants (D:4)
  4 adders
  2 worms
  4 dart slugs (D:1)
  5 leopard geckos
  10 orcs
  3 ball pythons
  7 giant cockroaches
  9 goblins
  10 hobgoblins
  9 jackals
  6 kobolds
  2 quokkas
  9 bats
  7 frilled lizards
  11 rats
104 creatures vanquished.

Notes
Turn   | Place    | Note
-------+----------+-------------------------------------------
     0 | D:1      | BinkBink the Demonspawn Gladiator began the quest for the
                  | Orb.
     0 | D:1      | Reached XP level 1. HP: 16/16 MP: 1/1
    85 | D:1      | Gained mutation: You have large cloven feet. [demonic
                  | ancestry]
    85 | D:1      | Reached XP level 2. HP: 15/22 MP: 2/2
   663 | D:1      | Reached XP level 3. HP: 19/27 MP: 3/3
  1441 | D:2      | Found a faded altar of an unknown god.
  1461 | D:2      | Reached XP level 4. HP: 28/34 MP: 4/4
  1503 | D:2      | Became a worshipper of Sif Muna the Loreminder
  1503 | D:2      | Reached * piety under Sif Muna
  1559 | D:2      | Reached skill level 1 in Armour
  1912 | D:3      | Noticed an ogre
  1920 | D:3      | Killed an ogre
  1920 | D:3      | Reached skill level 1 in Short Blades
  1920 | D:3      | Reached skill level 1 in Stealth
  1920 | D:3      | Gained mutation: You have hoof-like feet. [demonic
                  | ancestry]
  1920 | D:3      | Reached XP level 5. HP: 13/39 MP: 5/5
  2142 | D:3      | Reached skill level 1 in Shields
  2970 | D:4      | Noticed an ogre
  3297 | D:4      | Reached XP level 6. HP: 14/46 MP: 6/6
  3650 | D:4      | Slain by an orc

Skill      XL: |  1  2  3  4  5  6 |
---------------+-------------------+-----
Dodging        | 3 |  3.6
Polearms       | 3 |  3.4
Throwing       | 2 |  2.0
Armour         | 1 2 |  2.1
Short Blades   | 1 2 |  2.4
Stealth        | 1 2 |  2.1
Shields        | 1 2 |  2.0
Fighting       | 3 |  3.0

Action                   |  1- 3 |  4- 6 || total
-------------------------+-------+-------++-------
Melee: Trident           |    59 |       ||    59
       Kick              |    23 |    35 ||    58
       Dagger            |    50 |   154 ||   204
  Use: Scroll            |       |    13 ||    13
       Potion            |       |     2 ||     2
 Stab: Sleeping          |     5 |     2 ||     7
  Eat: Chunk             |     1 |     8 ||     9
Armor: Leather armour    |    26 |    26 ||    52
Dodge: Dodged            |    63 |    36 ||    99
Block: Large shield      |     3 |    72 ||    75
